 Dungeon Crawl Stone Soup version 0.29-a0-732-g3d7fbe0af2 (webtiles) character file.

Game seed: 742969726125743963

37 zeratav the Cutter (level 3, -6/19 HPs)
             Began as a Vine Stalker Gladiator on June 29, 2022.
             Killed from afar by Sigmund (7 damage)
             ... with a puff of flame
             ... on level 2 of the Dungeon.
             The game lasted 00:00:59 (1177 turns).

zeratav the Cutter (Vine Stalker Gladiator)         Turns: 1177, Time: 00:01:00

Health: -6/19      AC:  4    Str: 16    XL:     3   Next: 41%
Magic:  0/4        EV: 12    Int:  8    God:
Gold:   97         SH:  0    Dex: 17    Spells: 2/2 levels left

rFire   . . .      SeeInvis .   a - +0 rapier {short}
rCold   . . .      Faith    .   (no shield)
rNeg    . . .      Spirit   +   b - +0 leather armour
rPois   .          Reflect  .   c - +0 helmet
rElec   .          Harm     .   (no cloak)
rCorr   .          Rampage  .   (no gloves)
Will    .....                   (no boots)
Stlth   +.........              (no amulet)
HPRegen 0.06/turn               (no ring)
MPRegen 0.09/turn               (no ring)

@: no status effects
A: fangs 2, magic shield, antimagic bite, no potion heal 2
a: no special abilities


You were on level 2 of the Dungeon.
You visited 1 branch of the dungeon, and saw 2 of its levels.

You collected 97 gold pieces.


Innate Abilities, Weirdness & Mutations

You have extremely sharp teeth.
When hurt, damage is shared between your health and your magic reserves.
Your bite disrupts and absorbs the magic of your enemies.
Potions cannot restore your health.


   Skills:
 + Level 2.6 Fighting
 + Level 3.3 Short Blades
 - Level 1.7 Throwing
 - Level 2.4 Dodging


You had 2 spell levels left.
You didn't know any spells.
Your spell library was empty.

Inventory:

Hand Weapons
 a - a +0 rapier (weapon) {short}
Missiles
 d - 3 throwing nets (quivered) {=fthrowing}
 e - a javelin {throwing}
 n - 8 poisoned darts {throwing}
Armour
 b - a +0 leather armour (worn)
 c - a +0 helmet (worn)
Scrolls
 g - 2 scrolls of immolation {unknown}
 i - 3 scrolls of identify {unknown}
 l - a scroll of teleportation {unknown}
Potions
 f - a potion of heal wounds {unknown}
 h - 2 potions of attraction {unknown}
 j - a potion of might {unknown}
 k - 2 potions of resistance {unknown}
 m - a potion of magic {unknown}

Dungeon Overview and Level Annotations

Branches:
Dungeon (2/15) Zot: 10797

Altars:
Kikubaaqudgha

Annotations:
D:2 Sigmund

#### ##... ....
#####..
....#.@########
<._.#..@......#
....#!.######.#
#####..
#####.#######
...#
#............
#.#.
#.###.#######
#... #.# #.#
### #.# #.#
#.###.# #.#
#.....# #.#


You could see Sigmund.


Message History

HP[+8] MP[+3]
Your hp is fully restored (19).
Your mp is fully restored (4).
Search for what [Enter for "dart", or ? for help]? plate You see here a stone {throwing}.
There is an open door here.
You see here a +0 plate armour.
o - a +0 plate armour You open the door.
There is an open door here.
There is an open door here.
A jackal comes into view.
The jackal barks!
A jackal comes into view.
The jackal barks!
You puncture the jackal!
You kill the jackal!
The jackal bites you but does no damage.
You see here a jackal corpse.
You hit the jackal.
You kill the jackal!
No target in view!
No target in view!
No target in view!
No target in view!
No target in view!
No target in view!
No target in view!
No target in view!
No target in view!
No target in view!
No target in view!
No target in view!
No target in view!
No target in view!
No target in view!
No target in view!
No target in view!
A goblin comes into view. It is wielding a +0 dagger.
A goblin is nearby!
You barely miss the goblin. You bite the goblin. You drain its power.
The goblin hits you with a +0 dagger.
MP[-1]
You lost 1 mp, and now have 3/4 mp.
You hit the goblin.
You kill the goblin!
No target in view!
No target in view!
No target in view!
No target in view!
No target in view!
No target in view!
No target in view!
No target in view!
No target in view!
No target in view!
No target in view!
No target in view!
No target in view!
No target in view!
No target in view!
No target in view!
No target in view!
No target in view!
Found a stone staircase leading up.
Things that are here:
a +0 dagger {short}; a goblin corpse; MP[+1]
Your mp is fully restored (4).
You see here a +0 dagger {short}.
Found a stone staircase leading down.
You drop a +0 plate armour.
You see here a +0 dagger {short}.
You see here a +0 dagger {short}.
There is a stone staircase leading down here.
h - 2 lumpy pink potions (gained 1)
Found a faded altar of an unknown god.
Sigmund the Dreaded comes into view.
He is wielding a +3 scythe of protection.
Sigmund shouts!
Found a stone staircase leading up.
Sigmund points at you and mumbles some strange words.
The puff of flame hits you!
Ouch! That really hurt!
* * * LOW HITPOINT WARNING * * *
HP[-11] MP[-2]
You take 11 damage, and now have 8/19 hp.
MASSIVE DAMAGE!! (PAUSE)
You lost 2 mp, and now have 2/4 mp.
You are too injured to fight recklessly!
You are too injured to fight recklessly!
You are too injured to fight recklessly!
You hit Sigmund but do no damage. Your bite misses Sigmund.
Sigmund hits you with a +3 scythe of protection!
* * * LOW HITPOINT WARNING * * *
HP[-7] MP[-2]
You take 7 damage, and now have 1/19 hp.
MASSIVE DAMAGE!! (PAUSE)
You lost 2 mp, and now have 0/4 mp.
You closely miss Sigmund. You bite Sigmund, but do no damage.
Sigmund casts a spell at you. The puff of flame hits you!
You die...

Skill      XL: |  1 |
---------------+----+-----
Fighting       | 2 |  2.6
Short Blades   | 3 |  3.3
Throwing       | |  1.7
Dodging        | |  2.4

Action                   || total
-------------------------++-------
Melee: Rapier            ||    51
       Bite              ||    17
Armor: Leather armour    ||    11
Dodge: Dodged            ||    30

Levels and vault maps discovered:
D:1:      lightli_arrival_farm, layout_loops_ring
D:2:      layout_basic, nicolae_ecumenical_oubliette, basic_altar,
          minmay_bisected, uniq_sigmund

Notes
Turn   | Place    | Note
-------+----------+-------------------------------------------
     0 | D:1      | zeratav the Vine Stalker Gladiator began the quest for the
                  | Orb.
     0 | D:1      | Reached XP level 1. HP: 11/11 MP: 2/2
     0 | D:1      | magus.rc [v1.9.6]
    72 | D:1      | Reached skill level 2 in Fighting
   128 | D:1      | Reached skill level 3 in Short Blades
   128 | D:1      | Reached XP level 2. HP: 14/15 MP: 3/3
   284 | D:1      | Reached XP level 3. HP: 19/19 MP: 4/4
   779 | D:2      | Found an ancient bone altar of Kikubaaqudgha.
  1173 | D:2      | Found a faded altar of an unknown god.
  1174 | D:2      | Noticed Sigmund
  1176 | D:2      | HP: 1/19 [Sigmund/+3 scythe of protection (7)]
  1177 | D:2      | Killed from afar by Sigmund

Vanquished Creatures
  A gnoll (D:1)
  A worm (D:2)
  A dart slug (D:1)
  3 ball pythons (D:1)
  3 bats (D:1)
  A giant cockroach (D:1)
  6 goblins
  A hobgoblin (D:1)
  2 jackals (D:2)
  A kobold (D:1)
  2 rats (D:1)
22 creatures vanquished.

Table legend:
 A = Non-vault XP
 B = Vault XP
 C = Vault XP percentage of total XP
 D = Non-vault monster count
 E = Vault monster count
 F = Vault count percentage of total count
                 A         B        C        D         E       F
            +---------+---------+-------+---------+---------+-------
      Total |      54 |       0 |   0.0 |      22 |       0 |   0.0
            +---------+---------+-------+---------+---------+-------
        D:1 |      41 |       0 |   0.0 |      17 |       0 |   0.0
        D:2 |      13 |       0 |   0.0 |       5 |       0 |   0.0
            +---------+---------+-------+---------+---------+-------

Illustrated notes

Table legend:
 A = Kills in this place as a percentage of kills in entire the game.
 B = Kills by you in this place as a percentage of kills by you in the entire game.
 C = Kills by friends in this place as a percentage of kills by friends in the entire game.
 D = Other kills in this place as a percentage of other kills in the entire game.
 E = Experience gained in this place as a percentage of experience gained in the entire game.
 F = Experience gained in this place divided by the number of levels of this place that you have seen.
                   A       B       C       D       E      F
               +-------+-------+-------+-------+-------+----------------------
         Total | 100.0 | 100.0 |   N/A |   N/A | 100.0 |  27.0
       Dungeon | 100.0 | 100.0 |   N/A |   N/A | 100.0 |  27.0
               +-------+-------+-------+-------+-------+----------------------

Table legend: (Time is in decaauts)
 A = Elapsed time spent in this place.
 B = Non-inter-level travel time spent in this place.
 C = Inter-level travel time spent in this place.
 D = Time resting spent in this place.
 E = Time spent auto-exploring this place.
 F = Levels seen in this place.
 G = Mean time per level.
                   A        B        C        D        E       F      G
               +--------+--------+--------+--------+--------+-----+--------+
         Total |   1201 |   1107 |     94 |      0 |    982 |   2 |  600.5 |
       Dungeon |   1201 |   1107 |     94 |      0 |    982 |   2 |  600.5 |
               +--------+--------+--------+--------+--------+-----+--------+

Top non-repeatable levels by time:
     D:1: 802 daAuts
     D:2: 398 daAuts
